 Dungeon Crawl Stone Soup version 0.19.0-19-g8c6edcc (console) character file.

58 2d6 the Skirmisher (level 4, 0/32 (33) HPs)
             Began as an Octopode Chaos Knight on Nov 13, 2016.
             Slain by Natasha (3 damage)
             ... on level 3 of the Dungeon.
             The game lasted 00:05:13 (1876 turns).

2d6 the Skirmisher (Octopode Chaos Knight)          Turns: 1876, Time: 00:05:15

HP:   0/32 (33)     AC:  1    Str: 12    XL:     4   Next: 1%
MP:   3/4           EV: 14    Int: 14    God:    Xom [..*...]
Gold: 111           SH:  0    Dex: 11    Spells: 1 memorised, 2 levels left

rFire  . . .     SeeInvis .     a - +0 spear (chaos)
rCold  . . .     Gourm    .     (no shield)
rNeg   . . .     Faith    .     (helmet restricted)
rPois  .         Spirit   .     (no amulet)
rElec  .         Reflect  .     (no ring)
rCorr  .         Harm     .     (no ring)
MR     .....                    (no ring)
Stlth  ++........               (no ring)
                                (no ring)
                                (no ring)
                                (no ring)
                                (no ring)

@: lethally poisoned (0 -> -2), appendage (expiring)
A: almost no armour, stealthy swim, amphibious, 8 rings, constrict 8, tentacle
spike 3, camouflage 1, gelatinous body 1
a: End Transformation, Renounce Religion


You were on level 3 of the Dungeon.
You worshipped Xom.
You were a toy of Xom.
You were hungry.
One of your tentacles had a temporary spike.
You visited 1 branch of the dungeon, and saw 3 of its levels.

You collected 111 gold pieces.

Inventory:

Hand Weapons
 a - a +0 spear of chaos (weapon)
Missiles
 i - 28 stones (quivered)
Scrolls
 c - a scroll of teleportation {unknown}
 e - a scroll of magic mapping {unknown}
 g - a scroll of recharging {unknown}
 h - 3 scrolls of identify
 k - a scroll of immolation {unknown}
 l - a scroll of blinking {unknown}
 n - 2 scrolls of remove curse {unknown}
Potions
 d - 2 potions of magic {unknown}
 m - a potion of cancellation
 o - 2 potions of brilliance {unknown}
Books
 j - a book of Changes

   Spells                             Type                      Level
   a - Beastly Appendage              Transmutation                1
   b - Sticks to Snakes               Transmutation                2
   c - Spider Form                    Transmutation/Poison         3
   d - Ice Form                       Ice/Transmutation            4
   e - Blade Hands                    Transmutation                5
Comestibles
 b - 3 bread rations
 f - 2 slices of pizza


   Skills:
 + Level 3.7 Fighting
 + Level 3.6 Polearms
 + Level 3.0 Dodging
 + Level 0.8 Stealth
 + Level 0.0 Transmutations


You had 2 spell levels left.
You knew the following spells:

 Your Spells              Type           Power        Failure   Level  Hunger
a - Beastly Appendage     Tmut           #.....       30%         1    ##.....


Dungeon Overview and Level Annotations

Branches:
Dungeon (3/15)

Altars:
Makhleb

Annotations:
D:3 Natasha


Innate Abilities, Weirdness & Mutations

You cannot wear most types of armour.
You are very stealthy in the water. (Stealth+)
You are amphibious.
You can wear up to eight rings at the same time.
You can use your tentacles to constrict eight enemies at once.
Your skin changes colour to match your surroundings (Stealth+).
Your rubbery body absorbs attacks. (AC +1, EV +1)
One of your tentacles bears a large vicious spike.


Message History

You closely miss the adder. You grab the adder. You constrict the adder.
The adder bites you.
You are poisoned.
The adder poisons you!
You hit the adder.
You heal the adder.
The adder is completely healed.
You constrict the adder.
You feel sick. The adder closely misses you. Something claws you.
You miss something. You constrict the adder. The adder misses you.
Something claws you!
* * * LOW HITPOINT WARNING * * *
A shower of butterflies erupts from you!
Okay, then.
Casting: Beastly Appendage
Confirm with . or Enter, or press ? or * to list all spells.
One of your tentacles grows a vicious spike.
You constrict the adder.
* * * LOW HITPOINT WARNING * * *
You feel sick. The adder misses you. Something claws you.
You die... "What!?
That's it?"

.#. ..# ... ... #.# ...
# #.######.## .. .
#.##.....###. .
#.........b.# # .##
##..[.....##.#.#
#.###..........b.#b#
#....####.....)b.S.#####
#..### ####.#.b@{......
...###### #.#.###.#####
......... ##.#.# #.#
#..#####. #..#.# #.#
#..# #. #.##.# #.# #..#
#.##.##.###.### #..#
#......(......# #..#
#.##.##.###...# ..##
##.##.##.##....#####.#


You could see an adder.

Vanquished Creatures
  2 adders (D:2)
  A worm (D:2)
  An orc (D:3)
  A giant cockroach (D:2)
  5 goblins
  A hobgoblin (D:2)
  4 jackals
  5 kobolds
  A quokka (D:2)
  5 bats
  2 frilled lizards (D:1)
  8 rats
36 creatures vanquished.

Notes
Turn   | Place    | Note
-------+----------+-------------------------------------------
     0 | D:1      | 2d6 the Octopode Chaos Knight began the quest for the Orb.
     0 | D:1      | Reached XP level 1. HP: 16/16 MP: 1/1
   231 | D:1      | Reached XP level 2. HP: 21/21 MP: 2/2
   465 | D:2      | Found a burning altar of Makhleb.
   666 | D:2      | Reached XP level 3. HP: 11/26 MP: 3/3
   681 | D:2      | XOM: mild Necr miscast
  1280 | D:2      | XOM: divination: detect creatures
  1522 | D:2      | XOM: mild Divn miscast
  1626 | D:3      | Learned a level 1 spell: Beastly Appendage
  1696 | D:3      | XOM: harmless Pois miscast
  1698 | D:3      | XOM: mild Fire miscast
  1868 | D:3      | Reached XP level 4. HP: 32/32 MP: 4/4
  1869 | D:3      | Noticed Natasha
  1875 | D:3      | XOM: butterfly on damage
  1876 | D:3      | Slain by Natasha

Skill      XL: |  1  2  3 |
---------------+----------+-----
Dodging        | 3 |  3.0
Fighting       | |  3.7
Polearms       | |  3.6
Stealth        | |  0.8

Action                   |  1- 3 |  4- 6 || total
-------------------------+-------+-------++-------
Melee: Spear             |    73 |     4 ||    77
       Tentacles         |    10 |       ||    10
       Constrict         |    11 |     1 ||    12
 Cast: Beastly Appendage |       |     1 ||     1
  Use: Scroll            |     1 |       ||     1
 Stab: Sleeping          |     7 |       ||     7
       Paralysed         |     3 |       ||     3
  Eat: Chunk             |     2 |       ||     2
Armor: Skin              |     2 |       ||     2
Dodge: Dodged            |    15 |     4 ||    19
